[Event "Early-Titled-Tuesday-Blitz-March-05-2024"]
[Site "Chess.com"]
[Date "2024.03.05"]
[Round "11"]
[White "HajiyevKanan"]
[Black "Zq1"]
[Result "1-0"]
[WhiteElo "2534"]
[BlackElo "2626"]
[TimeControl "180+1"]
[EndTime "10:09:33 PST"]
[Termination "HajiyevKanan won on time"]

1. d4 Nf6 2. Nf3 e6 3. c4 a6 4. Nc3 c5 5. e3 d5 6. cxd5 exd5 7. Be2 c4 8. O-O b5 9. Ne5 Bb7 10. f4 Bd6 11. Bf3 Nbd7 12. b3 Qc8 13. bxc4 dxc4 14. a3 O-O 15. e4 Nb6 16. d5 Bxe5 17. fxe5 Nfd7 18. Bf4 Re8 19. Qd4 Qc7 20. e6 Qc5 21. Qxc5 Nxc5 22. exf7+ Kxf7 23. Be3 Nbd7 24. Bh5+ Kg8 25.
Bf7+ Kh8 26. Bxe8 Rxe8 27. Rf4 Nd3 28. Rf7 Bc8 29. Bd4 N7e5 30. Rc7 h6 31. Rf1 Kg8 32.
Rf5 Bxf5 33. exf5 Nf7 34. g4 Rd8 35. Ra7 Nf4 36. Rxa6 Nxd5 37. Nxb5 Nf4 38. Kf2 Ng5 39. h4 Nd3+ 40. Ke3 Re8+ 41. Kd2 Nf3+ 42. Kc3 Nxd4 43. Nxd4 Ne5 44. g5 hxg5 45. hxg5 Rb8 46. Ra7 g6 47. f6 Rb1 48. Ra8+ Kf7 49. Ra7+ 1-0

[Event "Early-Titled-Tuesday-Blitz-March-05-2024"]
[Site "Chess.com"]
[Date "2024.03.05"]
[Round "11"]
[White "N4700000"]
[Black "Akylbek2021"]
[Result "1-0"]
[WhiteElo "2497"]
[BlackElo "2317"]
[TimeControl "180+1"]
[EndTime "10:09:33 PST"]
[Termination "N4700000 won on time"]

1. e4 e6 2. d4 d5 3. Nc3 Bb4 4. Qd3 Nf6 5. e5 Ne4 6. Ne2 c5 7. a3 Ba5 8. dxc5 Nxc5 9. Qg3 Bxc3+ 10. Nxc3 Kf8 11. Be3 Ne4 12. Nxe4 dxe4 13. Qf4 Bd7 14. Qxe4 Bc6 15. Qd4 Qxd4 16. Bxd4 Nd7 17. O-O-O Rc8 18. h4 h5 19. Rh3 b6 20. Rc3 Ke7 21. Ba6 Rc7 22. b4 b5 23. Bxb5 Rhc8 24. Bxc6 Rxc6 25. Rxc6 Rxc6 26. Kb2 a6 27. Kb3 f6 28. exf6+ gxf6 29. c4 e5 30. Be3 e4 31. Bd4 f5 32. g3 Rg6 33. Rd2 Ke6 34. c5 f4 35.
gxf4 Nb8 36. Be3 Rg2 37. Rd6+ Kf5 38. c6 Rh2 39. c7 1-0

[Event "Early-Titled-Tuesday-Blitz-March-05-2024"]
[Site "Chess.com"]
[Date "2024.03.05"]
[Round "11"]
[White "Alenzer"]
[Black "AndresDelgado77"]
[Result "0-1"]
[WhiteElo "2164"]
[BlackElo "2293"]
[TimeControl "180+1"]
[EndTime "10:09:33 PST"]
[Termination "AndresDelgado77 won by resignation"]

1. e4 e6 2. d4 d5 3. exd5 exd5 4. c4 Nf6 5. Nc3 Bb4 6. Nf3 O-O 7. Bd3 dxc4 8. Bxc4 Re8+ 9. Be3 Ne4 10. O-O Bxc3 11.
bxc3 Bg4 12. h3 Bh5 13. g4 Bg6 14. Qb3 Nd6 15. Ne5 Nd7 16. Nxg6 hxg6 17. Bd3 Qh4 18. Kg2 Nf6 19. Rh1 Rxe3 20. fxe3 Nfe4 21. Bxe4 Nxe4 22. Qc2 Qg3+ 23. Kf1 Qf3+ 24. Kg1 Qxe3+ 25. Kg2 Re8 26. Rae1 Qg3+ 27. Kf1 Qf3+ 28. Kg1 Qg3+ 29. Kf1 Re6 30.
Qg2 Rf6+ 31. Kg1 Qxe1+ 32. Kh2 Qf2 33. Rg1 Qf4+ 34. Kh1 Nf2+ 35. Qxf2 Qxf2 36. Rg2 Qf3 37. Kh2 Re6 38. Rg3 Re2+ 39. Kg1 Qxg3+ 0-1

[Event "Early-Titled-Tuesday-Blitz-March-05-2024"]
[Site "Chess.com"]
[Date "2024.03.05"]
[Round "11"]
[White "PawnEatingZombie"]
[Black "abelmat"]
[Result "0-1"]
[WhiteElo "2167"]
[BlackElo "2060"]
[TimeControl "180+1"]
[EndTime "10:09:33 PST"]
[Termination "abelmat won on time"]

1. e4 e6 2. d4 d5 3. exd5 exd5 4. Bf4 Nf6 5. Nc3 c5 6. Nf3 Bd6 7. Bxd6 Qxd6 8. Be2 O-O 9. O-O Nc6 10. dxc5 Qxc5 11. Nb5 Be6 12. c3 Rfe8 13. Nbd4 Ne4 14. h3 Rad8 15. Bd3 h6 16. Qc2 Qb6 17. Rae1 Rc8 18. Re3 Nb4 19. Qb1 Nxd3 20. Rxd3 Nc5 21. Re3 Ne4 22. Rfe1 Bd7 23. R3e2 Qg6 24. Kh1 Qh5 25. Kh2 Re7 26. Nd2 Qe5+ 27. Kg1 Qg5 28. Nxe4 dxe4 29. Kh1 Rce8 30. Qc1 Qg6 31. Qf4 f5 32. h4 Qf7 33. a3 Qf6 34. g3 g5 35. hxg5 hxg5 36.
Qd2 Rh7+ 37. Kg2 f4 0-1

[Event "Early-Titled-Tuesday-Blitz-March-05-2024"]
[Site "Chess.com"]
[Date "2024.03.05"]
[Round "11"]
[White "noblerone"]
[Black "carloseduar100"]
[Result "1-0"]
[WhiteElo "2505"]
[BlackElo "2374"]
[TimeControl "180+1"]
[EndTime "10:09:34 PST"]
[Termination "noblerone won by checkmate"]

1. d4 d5 2. Nf3 Nf6 3. Bg5 g6 4. Bxf6 exf6 5. e3 Bg7 6. Be2 O-O 7. O-O Re8 8. c4 f5 9. cxd5 Qxd5 10. Nc3 Qa5 11. Bc4 c6 12. Ng5 Re7 13. Qb3 Qc7 14. Rac1 h6 15. Nb5 cxb5 16. Bxf7+ Kh8 17. Rxc7 Rxc7 18. Nf3 g5 19. Ne5 Nc6 20. Nxc6 bxc6 21. Be6 Re7 22. Bxc8 Rxc8 23. Rc1 f4 24. g3 fxe3 25.
fxe3 Rce8 26. Rc3 Rxe3 27. Rxe3 Bxd4 28. Kg2 Bxe3 29. Qf7 Rg8 30. Qf6+ Rg7 31. Qxh6+ Kg8 32. Qe6+ Kh7 33. Qxe3 Rg6 34. Qe7+ Kh6 35. Qxa7 Re6 36. Qf2 Kg6 37. h4 gxh4 38. gxh4 Rf6 39. Qc2+ Kh5 40. Kg3 Rg6+ 41. Kh3 Rf6 42. Qe2+ Kh6 43. Qe3+ Kg6 44. Qe4+ Kh5 45. Qh7+ Rh6 46. Qf5# 1-0

[Event "Early-Titled-Tuesday-Blitz-March-05-2024"]
[Site "Chess.com"]
[Date "2024.03.05"]
[Round "11"]
[White "DKmirl"]
[Black "JaackCamel"]
[Result "1-0"]
[WhiteElo "2316"]
[BlackElo "2212"]
[TimeControl "180+1"]
[EndTime "10:09:34 PST"]
[Termination "DKmirl won by resignation"]

1. d4 d5 2. Nf3 e6 3. g3 c5 4. Bg2 Nf6 5. O-O Nc6 6. c4 dxc4 7. dxc5 Bxc5 8. Qxd8+ Kxd8 9. Nfd2 Na5 10. Rd1 Ke7 11. Ne4 Nxe4 12. Bxe4 Bd7 13. Bd2 Bc6 14. Bc2 b6 15.
Bc3 f6 16. Nd2 Nb7 17. Nxc4 Rad8 18. b4 Bd6 19. Nxd6 Rxd6 20. a4 Rhd8 21. b5 Bd5 22.
e4 Bc4 23. e5 Rxd1+ 24. Rxd1 Rxd1+ 25. Bxd1 Nc5 26. exf6+ gxf6 27. Bc2 h6 28. Bd2 h5 29. f3 Bb3 30. Bxb3 Nxb3 31. Be3 e5 32. g4 hxg4 33. fxg4 Kf7 34. h4 Kg6 35. h5+ Kg7 36.
Kf1 Na1 37. a5 Nc2 38. axb6 Nxe3+ 39. Ke2 axb6 40. Kxe3 f5 41. gxf5 Kf6 42. Ke4 1-0

[Event "Early-Titled-Tuesday-Blitz-March-05-2024"]
[Site "Chess.com"]
[Date "2024.03.05"]
[Round "11"]
[White "GelmanAlexander"]
[Black "Kotlyar_K"]
[Result "0-1"]
[WhiteElo "2661"]
[BlackElo "2612"]
[TimeControl "180+1"]
[EndTime "10:09:35 PST"]
[Termination "Kotlyar_K won by resignation"]

1. d4 Nf6 2. Nc3 d5 3. Bf4 c5 4. e3 cxd4 5. exd4 Bg4 6. f3 Bd7 7. Qd2 Nc6 8. g4 e6 9. h4 a6 10. h5 h6 11. Nge2 b5 12. Nc1 Qb6 13. N3e2 a5 14.
a3 Rc8 15. c3 b4 16. Nd3 Be7 17. Bh3 Nh7 18. Bg3 bxc3 19. bxc3 Qb3 20. O-O O-O 21. Rfb1 Qc4 22. Rb7 Rfd8 23. f4 Nf6 24. Qe3 Ne4 25. Be1 Qa6 26. Rbb1 Bd6 27. Bg2 Ne7 28. Ne5 Bb5 29.
Ng3 f6 30. Nxe4 dxe4 31. Bxe4 fxe5 32. fxe5 Bc7 33. Bc2 Bc6 34. Bh4 Re8 35. Rf1 Qc4 36.
Rf6 Qd5 37. Kf2 Qg2+ 38. Ke1 Qxc2 39. Rxe6 Nd5 40. Rxe8+ Rxe8 41. Qe2 Qxc3+ 42. Kf2 Qxd4+ 43. Kg3 Bxe5+ 44. Kh3 Nf4+ 0-1

[Event "Early-Titled-Tuesday-Blitz-March-05-2024"]
[Site "Chess.com"]
[Date "2024.03.05"]
[Round "11"]
[White "karinachess1"]
[Black "Rud_2008"]
[Result "0-1"]
[WhiteElo "2593"]
[BlackElo "2732"]
[TimeControl "180+1"]
[EndTime "10:09:36 PST"]
[Termination "Rud_2008 won on time"]

1. d4 Nf6 2. c4 e6 3. Nc3 d5 4.
cxd5 exd5 5. Bg5 c6 6. e3 h6 7. Bh4 Be7 8. Bd3 Nbd7 9. h3 O-O 10. Nf3 Ne4 11. Bxe7 Qxe7 12. Qc2 f5 13. O-O g5 14.
Nd2 Ndf6 15. Rfe1 g4 16. f3 Nxd2 17. Qxd2 gxf3 18. gxf3 Kh8 19. Kh2 Bd7 20. Rg1 Rg8 21. e4 Kh7 22. e5 Nh5 23. Qc2 Qh4 24. Bxf5+ Kh8 25. Bxd7 Qf4+ 26. Kh1 Qxf3+ 27. Kh2 Qf4+ 28. Kh1 Ng3+ 29. Rxg3 Rxg3 30. Bg4 Rf8 31. Qg6 Qd2 32.
Rg1 Rxg1+ 33. Kxg1 Qe1+ 34. Kg2 Qf1+ 35. Kh2 Qf2+ 36.
Kh1 Qe1+ 37. Kh2 Rf2+ 38. Kg3 Rf6+ 0-1

[Event "Early-Titled-Tuesday-Blitz-March-05-2024"]
[Site "Chess.com"]
[Date "2024.03.05"]
[Round "11"]
[White "campochess"]
[Black "Matols"]
[Result "1-0"]
[WhiteElo "2244"]
[BlackElo "2369"]
[TimeControl "180+1"]
[EndTime "10:09:36 PST"]
[Termination "campochess won on time"]

1. e4 c6 2. d3 d5 3. Nd2 e5 4.
Ngf3 Bd6 5. c4 Nf6 6. Be2 O-O 7. O-O dxe4 8. Nxe4 Nxe4 9. dxe4 Bc7 10. Qc2 Nd7 11. Bg5 f6 12. Be3 Qe7 13. c5 Rd8 14. Rad1 Nf8 15.
Rxd8 Bxd8 16. Rd1 Be6 17. Bc4 Bc7 18. Nh4 g6 19. Nf3 Rd8 20. Rxd8 Qxd8 21. h3 Kg7 22. Nd2 Qd7 23. Kh2 Bxc4 24. Nxc4 Ne6 25. Nd6 Bxd6 26. Qd3 Nd4 27. cxd6 Qxd6 28. Qc4 c5 29. Qa4 a6 30. Qe8 Qc7 31. h4 h5 32. f3 c4 33.
Qa4 Kf7 34. Bh6 Ne6 35. Qb4 b5 36. a4 Qd7 37. axb5 axb5 38. Qa3 Qe7 39. Qa8 Nc5 40. Qh8 Ke6 41. Qg8+ Kd7 42. Qxg6 1-0

[Event "Early-Titled-Tuesday-Blitz-March-05-2024"]
[Site "Chess.com"]
[Date "2024.03.05"]
[Round "11"]
[White "Manukyan_Artak"]
[Black "Hurghada"]
[Result "1/2-1/2"]
[WhiteElo "2507"]
[BlackElo "2397"]
[TimeControl "180+1"]
[EndTime "10:09:41 PST"]
[Termination "Game drawn by repetition"]

1. e4 e6 2. d4 d5 3. e5 c5 4. c3 Nc6 5. Nf3 Nge7 6. Na3 cxd4 7. cxd4 Nf5 8. Nc2 Qb6 9. Bd3 Be7 10. O-O h6 11. a3 a5 12. Rb1 g5 13. h3 a4 14.
Be3 Na5 15. Nb4 Nb3 16. Bxf5 exf5 17. Nxd5 Qd8 18. Nxe7 Qxe7 19. d5 O-O 20. d6 Qe6 21.
Re1 Bd7 22. Nd4 Nxd4 23. Qxd4 f4 24. Bd2 Bc6 25. f3 Rfd8 26. Bc3 Qd5 27. Rbd1 Qxd4+ 28. Rxd4 Bd7 29. Rb4 b5 30. Rd4 Rac8 31. Rd5 Rc4 32. Kf2 Bc6 33. Rd4 Rxd4 34. Bxd4 Bd7 35. Rc1 Rc8 36. Rc7 Rxc7 37. dxc7 Kf8 38. Bc5+ Ke8 39.
h4 Bc8 40. hxg5 hxg5 41. Ke2 Kd7 42. Kd3 Bb7 43. Kd4 g4 44. Bd6 gxf3 45. gxf3 Bxf3 46. e6+ fxe6 47. Bxf4 Be2 48. Kc5 Kc8 49. Kd6 Bf1 50. Kxe6 Be2 51. Kd6 Bf1 52. Be5 Be2 53. Kc5 Bf1 54.
Kb6 Be2 55. Ka5 Bf1 56. Kb4 Be2 57.
Kc3 Bf1 58. Kd2 Bc4 59. Ke3 Bf1 60. Kd4 Be2 61. Kc5 Bf1 62. Bf4 Be2 63. Kb4 Bf1 64.
Kc3 Be2 65. Kd4 Bf1 66. Bh2 Be2 67. Ke3 Bf1 68. Kd4 Be2 69. Kc5 Bf1 70. Kb6 Be2 71. Kc5 Bf1 72. Kb4 Be2 73. Kc5 1/2-1/2

[Event "Early-Titled-Tuesday-Blitz-March-05-2024"]
[Site "Chess.com"]
[Date "2024.03.05"]
[Round "11"]
[White "Arystanner"]
[Black "Yan_Dyomin2010"]
[Result "1-0"]
[WhiteElo "2887"]
[BlackElo "2709"]
[TimeControl "180+1"]
[EndTime "10:09:42 PST"]
[Termination "Arystanner won by checkmate"]

1. e4 c5 2. Nf3 Nc6 3. Bb5 e6 4.
c3 d5 5. exd5 exd5 6. O-O Bd6 7.
d4 Ne7 8. dxc5 Bxc5 9. Nbd2 O-O 10. Nb3 Bb6 11. Bd3 Bf5 12. Re1 Qd7 13. Bg5 Rae8 14. h3 h6 15. Bxe7 Rxe7 16. Bxf5 Qxf5 17. Rxe7 Nxe7 18.
Nbd4 Qd7 19. Qd3 Re8 20. Re1 Ng6 21. Rxe8+ Qxe8 22. g3 Ne5 23. Nxe5 Qxe5 24. Ne2 g6 25.
Kg2 h5 26. Nf4 Qe1 27. Qf3 d4 28. c4 Qb4 29. b3 Qe7 30. h4 Kg7 31. Qd5 Qc7 32.
Nd3 Qc6 33. Qxc6 bxc6 34. c5 Bc7 35. Kf3 Kf6 36. Ke4 Ke6 37. Kxd4 f6 38. b4 g5 39. a4 a6 40. Ke4 f5+ 41. Kd4 f4 42. hxg5 fxg3 43. fxg3 Bxg3 44. Ke4 Bc7 45. Nf4+ Kf7 46.
Nxh5 Kg6 47. Nf4+ Kf7 48. a5 Bb8 49. Kf5 Ke7 50. g6 Bxf4 51. Kxf4 Kf6 52. g7 Kxg7 53. Ke5 Kf7 54. Kd6 Kf6 55. Kxc6 Ke5 56. Kb6 Kd4 57. c6 Kc4 58. c7 Kxb4 59. c8=Q Ka4 60. Qxa6 Ka3 61. Qb7 Ka2 62. a6 Ka1 63. a7 Kb2 64. a8=Q Kc3 65. Qac8+ Kd4 66. Qbd7+ Ke3 67. Qce8+ Kf4 68.
Qdf7+ Kg5 69. Qeg8+ Kh4 70. Qfh7# 1-0

[Event "Early-Titled-Tuesday-Blitz-March-05-2024"]
[Site "Chess.com"]
[Date "2024.03.05"]
[Round "11"]
[White "Josetricks"]
[Black "ansko1999"]
[Result "1-0"]
[WhiteElo "2588"]
[BlackElo "2700"]
[TimeControl "180+1"]
[EndTime "10:09:44 PST"]
[Termination "Josetricks won by checkmate"]

1. e4 d6 2. d4 Nf6 3. Nc3 c6 4. Be3 Qa5 5. f3 e5 6. Ne2 Be7 7. Qd2 O-O 8. O-O-O b5 9. g4 b4 10. Nb1 Qxa2 11. g5 Nfd7 12. Qxb4 exd4 13. Nxd4 c5 14. Qb3 Qxb3 15. Nxb3 Nc6 16. Nc3 Nb6 17. h4 Be6 18. Nd5 Bxd5 19. exd5 Nb4 20. c4 a5 21. Nd2 a4 22.
Ne4 a3 23. bxa3 Rxa3 24. Kd2 Ra2+ 25. Ke1 Nc2+ 26. Kf2 Nd4+ 27. Kg3 Nf5+ 28. Kf4 Nxe3 29. Kxe3 f5 30. Nc3 Ra3 31. Kd2 h6 32. f4 Rfa8 33.
Bd3 g6 34. h5 hxg5 35. hxg6 gxf4 36. Rb1 Bf6 37. Rxb6 Bxc3+ 38. Kc2 Bd4 39. Bxf5 Rc3+ 40. Kd1 Ra1+ 41. Bb1 Rca3 42. Rb8+ Kg7 43. Rh7+ Kf6 44. Rf7+ Ke5 45. Re8# 1-0

[Event "Early-Titled-Tuesday-Blitz-March-05-2024"]
[Site "Chess.com"]
[Date "2024.03.05"]
[Round "11"]
[White "Herzog2012"]
[Black "vladgoncharov"]
[Result "1-0"]
[WhiteElo "2532"]
[BlackElo "2624"]
[TimeControl "180+1"]
[EndTime "10:09:44 PST"]
[Termination "Herzog2012 won on time"]

1. e4 e6 2. d4 d5 3. Nd2 c5 4. exd5 Qxd5 5. Ngf3 cxd4 6. Bc4 Qd8 7. O-O Nc6 8. Nb3 Nf6 9. Nbxd4 Nxd4 10. Nxd4 a6 11. c3 Bd6 12. Qf3 Qc7 13. Bb3 Bxh2+ 14. Kh1 Be5 15. Bg5 h6 16. Bh4 Bd7 17. Rfe1 O-O 18. Qe2 Bxd4 19. cxd4 Nd5 20. Bxd5 exd5 21. Rac1 Qb6 22.
Qd2 Rac8 23. Bg3 Rxc1 24. Rxc1 Re8 25. b3 Bb5 26. a4 Bc6 27. Qc3 Re6 28. Be5 Qd8 29.
Qh3 Qe8 30. Rc3 f6 31. Bf4 Bd7 32. Re3 g5 33. Bc7 Qc8 34. Rxe6 Bxe6 35. Qc3 Bf5 36. Qc5 Qe6 37. Qd6 Qe4 38. Qxf6 Qh4+ 39. Kg1 Be4 40.
Be5 1-0

[Event "Early-Titled-Tuesday-Blitz-March-05-2024"]
[Site "Chess.com"]
[Date "2024.03.05"]
[Round "11"]
[White "verrbaa"]
[Black "diamonds13"]
[Result "0-1"]
[WhiteElo "2490"]
[BlackElo "2369"]
[TimeControl "180+1"]
[EndTime "10:09:44 PST"]
[Termination "diamonds13 won on time"]

1. e4 c5 2. Nf3 Nc6 3. d4 cxd4 4. Nxd4 Nf6 5. Nc3 e6 6. Be2 Bb4 7. O-O Bxc3 8. bxc3 Nxe4 9. Bd3 Nf6 10. Nb5 d5 11. Ba3 Ne7 12. Nd6+ Kf8 13. f4 Kg8 14. Qe2 Bd7 15. Nxb7 Qb6+ 16. Kh1 Ng6 17. Rab1 Qc7 18. Nc5 Nxf4 19. Qf3 e5 20. Nxd7 Qxd7 21. Bb5 Qg4 22.
Bd6 Qxf3 23. Rxf3 Ng6 24. h3 h5 25. c4 e4 26. Ra3 dxc4 27. Bxc4 h4 28. Rb7 Kh7 29.
Bxf7 Rhd8 30. Bc5 Nf4 31. Raxa7 Rxa7 32. Bxa7 Rd1+ 33. Kh2 Rd2 34. Rb3 Nxg2 35. Kh1 Rxc2 36. a4 e3 37. Bxe3 Ne4 38. Bd5 Ng3+ 39. Kg1 Nxe3 40.
Rxe3 Rc5 41. Be4+ Kh6 42. Bb7 Ra5 0-1

[Event "Early-Titled-Tuesday-Blitz-March-05-2024"]
[Site "Chess.com"]
[Date "2024.03.05"]
[Round "11"]
[White "Anton_Demchenko"]
[Black "Yeritsyaan"]
[Result "0-1"]
[WhiteElo "2897"]
[BlackElo "2656"]
[TimeControl "180+1"]
[EndTime "10:09:48 PST"]
[Termination "Yeritsyaan won by resignation"]

1. e4 c5 2. Nf3 d6 3. d4 cxd4 4. Qxd4 Nf6 5. Bg5 e5 6. Qd3 Be7 7. c4 O-O 8. Nc3 Be6 9. Be2 Nbd7 10. O-O a6 11. Rfd1 Rc8 12. Nd2 h6 13. Be3 Ng4 14. Bxg4 Bxg4 15. f3 Be6 16. Nd5 Bg5 17. Bxg5 Qxg5 18.
Rac1 Nc5 19. Qe2 Bxd5 20. cxd5 b5 21. Nf1 Na4 22. Ne3 Nxb2 23. Rc6 Nxd1 24. Nxd1 Rxc6 25. dxc6 Qc1 26. Kf2 Qxc6 27. Ne3 Qc5 28. Kg3 Rc8 29.
Nf5 Kf8 30. Qd2 Rc6 31. h4 Qc3 32. Qd5 Qc4 33. Qd2 b4 34. Qf2 Qc5 35. Qd2 a5 36.
Qe2 a4 37. Qd1 b3 38. axb3 a3 39. Qd2 f6 40. h5 Kf7 41. Qa2 Qb4 42. Qe2 Qxb3 43.
Qd2 a2 44. Nxd6+ Rxd6 45. Qxd6 a1=Q 46. Qd7+ Kf8 47. Qd8+ Kf7 48. Qd7+ Kg8 49. Qe8+ Kh7 50.
Qg6+ Kh8 51. Qe8+ Qg8 52. Qg6 Qe1+ 53. Kh3 Qe3 54. Qf5 Qg5 0-1

[Event "Early-Titled-Tuesday-Blitz-March-05-2024"]
[Site "Chess.com"]
[Date "2024.03.05"]
[Round "11"]
[White "jamengrand"]
[Black "sathvikadiga"]
[Result "1-0"]
[WhiteElo "2472"]
[BlackElo "2564"]
[TimeControl "180+1"]
[EndTime "10:09:48 PST"]
[Termination "jamengrand won by checkmate"]

1. e4 e5 2. Nf3 Nc6 3. Nc3 Nf6 4. Nd5 Bc5 5. c3 Nxe4 6. d4 exd4 7. Bd3 O-O 8. Bxe4 Re8 9. Ng5 h6 10. Qh5 Re5 11.
Qxf7+ Kh8 12. Qg6 Rxe4+ 13. Nxe4 Ne5 14. Qh5 Bd6 15. Bxh6 g6 16. Qh3 Kg8 17. Bg5 Qf8 18. cxd4 Nc4 19. O-O c6 20. Nef6+ Kf7 21. Qh7+ Qg7 22.
Qxg7+ Kxg7 23. Ne8+ Kf7 24. Nxd6+ Nxd6 25. Nc7 Rb8 26.
Rae1 b5 27. Re7+ Kf8 28. Rfe1 Bb7 29. Bh6+ Kg8 30. Rg7+ Kh8 31. g4 Rg8 32. Rxg8+ Kxg8 33. Re7 Bc8 34. Bf4 Nc4 35. Re8+ Kf7 36. Rxc8 Nb6 37. Rb8 Ke7 38. Nxb5 cxb5 39. Rxb6 axb6 40. Bd2 Ke6 41. f4 Kd5 42. Be3 Ke4 43. Kf2 d5 44. h4 b4 45. b3 b5 46. h5 gxh5 47. gxh5 Kd3 48. h6 Kc3 49. h7 Kb2 50. Bd2 Ka1 51. Bxb4 Kxa2 52. h8=Q Kxb3 53. Qf8 Kc2 54. Qc5+ Kd1 55. Be1 b4 56. Qxb4 Kc2 57. Qc3+ Kb1 58. Qb3+ Kc1 59. Qd3 Kb2 60. Bc3+ Ka3 61. Qb5 Ka2 62. Qb2# 1-0

[Event "Early-Titled-Tuesday-Blitz-March-05-2024"]
[Site "Chess.com"]
[Date "2024.03.05"]
[Round "11"]
[White "DvaHrasta"]
[Black "Louis-Paulsen-Fan"]
[Result "1/2-1/2"]
[WhiteElo "2450"]
[BlackElo "2256"]
[TimeControl "180+1"]
[EndTime "10:09:48 PST"]
[Termination "Game drawn by repetition"]

1. c4 e6 2. g3 d5 3. Bg2 c5 4.
cxd5 exd5 5. Nf3 Nc6 6. O-O d4 7. e3 Nf6 8. a3 Be7 9. b4 cxb4 10. axb4 dxe3 11. fxe3 O-O 12. b5 Nb4 13. d4 Bf5 14.
Ne5 Be4 15. Nc3 Bxg2 16. Kxg2 Rc8 17. Bd2 Nbd5 18. Nxd5 Qxd5+ 19. Qf3 Qxb5 20. Rfb1 Qd5 21.
Qxd5 Nxd5 22. Rxb7 Rc2 23. Nf3 Bg5 24. Nxg5 Rxd2+ 25. Kf3 h6 26. Ne4 Rd3 27. Re1 Re8 28. Rxa7 f5 29.
Nd6 Rexe3+ 30. Rxe3 Rxe3+ 31. Kf2 Rd3 32. Nxf5 g6 33.
Nxh6+ Kf8 34. Ng4 Rxd4 35. Ne5 Rd2+ 36. Kf3 Rxh2 37. Nxg6+ Kg8 38. Ke4 Nf6+ 39. Kf5 Rf2+ 40. Nf4 Nd5 41. Ke5 Nxf4 42. gxf4 Rb2 43. f5 Rb6 44.
Kf4 Kf8 45. Kg5 Rc6 46. f6 Rc1 47. Kg6 Rg1+ 48. Kf5 Rf1+ 49. Ke6 Re1+ 50. Kf5 Rf1+ 51. Kg6 Rg1+ 52. Kf5 Rf1+ 1/2-1/2

[Event "Early-Titled-Tuesday-Blitz-March-05-2024"]
[Site "Chess.com"]
[Date "2024.03.05"]
[Round "11"]
[White "Indianlad"]
[Black "SnekkerAndersen"]
[Result "1-0"]
[WhiteElo "3037"]
[BlackElo "2687"]
[TimeControl "180+1"]
[EndTime "10:09:50 PST"]
[Termination "Indianlad won on time"]

1. Nf3 d5 2. e3 e6 3. c4 Nf6 4.
Nc3 Be7 5. b3 O-O 6. Bb2 c5 7.
cxd5 exd5 8. Rc1 Nc6 9. Bb5 d4 10. Na4 Nb4 11. a3 a6 12. Be2 d3 13. axb4 dxe2 14. Qxe2 cxb4 15. O-O Be6 16. Nd4 Bg4 17. f3 Bd7 18. Nc5 Rc8 19. Nxd7 Qxd7 20. Rce1 b5 21. Qf2 a5 22. Qg3 a4 23. Kh1 Kh8 24.
Rd1 Rg8 25. e4 Nh5 26. Qe1 Nf4 27. d3 axb3 28. Qd2 Ne6 29. Nxb3 Qc7 30. Nd4 Nxd4 31. Bxd4 Qc2 32. Qf4 b3 33. Qxf7 Bg5 34. f4 Bh6 35.
Qe6 Rc6 36. Qd5 Rg6 37. e5 b2 38. f5 Rg4 39. e6 Bg5 40. h3 Rxd4 41. Qxd4 Bc1 42.
f6 Qc7 43. f7 Rf8 44. Qb4 1-0

[Event "Early-Titled-Tuesday-Blitz-March-05-2024"]
[Site "Chess.com"]
[Date "2024.03.05"]
[Round "11"]
[White "GaiozNigalidze"]
[Black "subham777"]
[Result "0-1"]
[WhiteElo "2691"]
[BlackElo "2581"]
[TimeControl "180+1"]
[EndTime "10:09:50 PST"]
[Termination "subham777 won on time"]

1. e4 e6 2. d4 d5 3. exd5 exd5 4. Nf3 Nf6 5. Be2 Bd6 6. O-O O-O 7. b3 Re8 8. Bb2 Bg4 9. Nbd2 c6 10. Ne5 Bxe2 11.
Qxe2 Nbd7 12. f4 c5 13. c3 Rc8 14. Qd3 Qb6 15. Kh1 Nf8 16. dxc5 Bxc5 17. Rae1 Bd6 18.
c4 Bb4 19. cxd5 Bxd2 20. Qxd2 Red8 21. Nc4 Qc5 22. d6 b5 23. Ba3 Qf5 24. Ne3 Qh5 25. Qe2 Qxe2 26. Rxe2 a5 27. Nf5 Rc3 28. Bb2 Rd3 29.
Ne7+ Kh8 30. Nc6 R8xd6 31. Ne5 Rd2 32. Nxf7+ Kg8 33. Nxd6 Rxe2 34. Bxf6 gxf6 35. Nxb5 Rxa2 36. h3 Ne6 37. f5 Nc5 38. Rf3 Rb2 39. Nd4 Ne4 40.
Kh2 Kf7 41. Re3 Nd2 42. Rc3 Rb1 43. h4 Nf1+ 44. Kh3 Nd2 45. Rc7+ Ke8 46. Rc6 Nxb3 47. Ne6 Nd2 0-1

[Event "Early-Titled-Tuesday-Blitz-March-05-2024"]
[Site "Chess.com"]
[Date "2024.03.05"]
[Round "11"]
[White "VinzentSpitzl"]
[Black "Iskusnyh"]
[Result "1-0"]
[WhiteElo "2544"]
[BlackElo "2672"]
[TimeControl "180+1"]
[EndTime "10:09:50 PST"]
[Termination "VinzentSpitzl won on time"]

1. e4 e6 2. d4 d5 3. Nd2 c5 4. exd5 Qxd5 5. Ngf3 cxd4 6. Bc4 Qd6 7. O-O Nf6 8. Nb3 Nc6 9. Nbxd4 Nxd4 10. Qxd4 Qxd4 11.
Nxd4 Bd7 12. Be2 Bc5 13. Nb3 Bb6 14. Bf3 O-O-O 15. a4 Bc6 16. Bxc6 bxc6 17. a5 Bc7 18. Be3 Bb8 19. Nd4 Rd6 20. Ra4 Rhd8 21. Rc4 Kd7 22. Bf4 c5 23. Bxd6 Kxd6 24. Rd1 cxd4 25. Rcxd4+ Nd5 26. c4 Rc8 27. cxd5 e5 28. Rb4 f5 29.
Rb7 e4 30. g3 g5 31. b4 f4 32.
b5 h5 33. a6 h4 34. b6 axb6 35. Rxb6+ Ke5 36. Rb7 e3 37. fxe3 f3 38. a7 Bxa7 39.
Rxa7 Rc2 40. gxh4 g4 41. d6 Rg2+ 42. Kh1 Re2 43. d7 f2 44. Rf1 g3 45. hxg3 Ke4 46.
Kg2 Rd2 47. Rxf2 Rd6 48. Rf8 1-0

[Event "Early-Titled-Tuesday-Blitz-March-05-2024"]
[Site "Chess.com"]
[Date "2024.03.05"]
[Round "11"]
[White "Volodar_Murzin"]
[Black "Jospem"]
[Result "1/2-1/2"]
[WhiteElo "3003"]
[BlackElo "3096"]
[TimeControl "180+1"]
[EndTime "10:09:51 PST"]
[Termination "Game drawn by repetition"]

1. d4 Nf6 2. Nf3 e6 3. Bg5 Be7 4. Nbd2 b6 5. e4 Bb7 6. Bd3 d6 7. Qe2 Nbd7 8. c3 h6 9. Bh4 Nh5 10. Bg3 a6 11. a4 c5 12. O-O O-O 13. Rfe1 Re8 14. Qf1 Qc7 15. d5 Nxg3 16. hxg3 exd5 17. exd5 Nf6 18. c4 Bf8 19. Ne4 Nxe4 20. Bxe4 Qd8 21.
Re3 Bc8 22. Rae1 Bd7 23. b3 Qf6 24. Qd3 g6 25. Qc2 Bg7 26. Bd3 Rxe3 27. Rxe3 Qb2 28. Qxb2 Bxb2 29. Re2 Bg7 30. Ra2 Kf8 31. Kf1 f5 32.
Ng1 Kf7 33. Ne2 g5 34. Ng1 Re8 35. Re2 Rb8 36. Ra2 Rb7 37. Nf3 Bc3 38. Ke2 Bc8 39. Rc2 Bf6 40. Kf1 Rb8 41. Ra2 Bd7 42. Nd2 Rh8 43. Nf3 Kg7 44. Ng1 h5 45. Nf3 g4 46. Nh4 Bxh4 47. gxh4 f4 48. Re2 Kf6 49. Re4 f3 50. gxf3 gxf3 51. Rf4+ Ke5 52. Re4+ Kf6 53. Rf4+ Ke5 54. Re4+ Kf6 1/2-1/2

[Event "Early-Titled-Tuesday-Blitz-March-05-2024"]
[Site "Chess.com"]
[Date "2024.03.05"]
[Round "11"]
[White "Byniolus"]
[Black "chess123456s"]
[Result "0-1"]
[WhiteElo "2794"]
[BlackElo "2598"]
[TimeControl "180+1"]
[EndTime "10:09:51 PST"]
[Termination "chess123456s won by resignation"]

1. d4 d5 2. Nf3 Nf6 3. Bf4 c5 4. c3 Nc6 5. Nbd2 e6 6. e3 Bd6 7. Bg3 O-O 8. Bd3 b6 9. Ne5 Bb7 10. f4 Ne7 11. Qb1 g6 12. Bf2 c4 13. Bc2 b5 14. a3 a5 15. O-O b4 16. Bh4 Nd7 17. Qe1 f6 18. Nxd7 Qxd7 19. e4 b3 20. Bd1 f5 21. e5 Bc7 22. h3 Nc8 23. g4 Bd8 24.
Bf3 Nb6 25. gxf5 gxf5 26. Kh2 Kh8 27. Rg1 Qf7 28. Rg2 Na4 29. Nf1 Bxh4 30. Qxh4 Rg8 31.
Rb1 Rxg2+ 32. Bxg2 Rg8 33. Ng3 Qg6 34. Bf3 Bc6 35.
Nh5 Nxb2 36. Nf6 Rg7 37. Nh5 Rg8 38. Qf6+ Qxf6 39. Nxf6 Na4 40. Nxg8 Kxg8 41. Rc1 Nxc3 42. Rg1+ Kf8 43. Bh5 b2 0-1

[Event "Early-Titled-Tuesday-Blitz-March-05-2024"]
[Site "Chess.com"]
[Date "2024.03.05"]
[Round "11"]
[White "GeorgiosSouleidis"]
[Black "ccccvhhhj"]
[Result "1-0"]
[WhiteElo "2659"]
[BlackElo "2471"]
[TimeControl "180+1"]
[EndTime "10:09:52 PST"]
[Termination "GeorgiosSouleidis won on time"]

1. e4 e6 2. d4 d5 3. Nc3 Bb4 4. Ne2 Nc6 5. exd5 exd5 6. a3 Ba5 7. b4 Bb6 8. Na4 Nf6 9. c3 O-O 10. Ng3 Bg4 11. f3 Bd7 12. Bd3 Re8+ 13. Kf2 h5 14. Nc5 h4 15. Nf5 Bxc5 16. bxc5 Bxf5 17. Bxf5 Ne7 18.
Bd3 Ng6 19. Re1 h3 20. g3 Rxe1 21. Qxe1 Qd7 22. Bg5 Re8 23. Qd2 b6 24. cxb6 axb6 25. Re1 Rxe1 26. Qxe1 Qd6 27. Bc1 c5 28. Bf5 cxd4 29.
cxd4 Qc7 30. Bxh3 Qc2+ 31. Qd2 Qc4 32. Bf1 Qc7 33. Bd3 Ne7 34. Qc2 Qd7 35. Kg2 Qd6 36.
a4 Nc6 37. Qc3 Ne7 38. Bf4 Qe6 39. Bb5 Ng6 40. Be3 Qf5 41. Qd3 Qe6 42. Bf2 Qe7 43.
Qe3 Qd6 44. Bd3 Ne7 45. g4 Nd7 46. Bg3 Qf6 47. Bb5 Nf8 48. Qe5 1-0